 Dungeon Crawl Stone Soup version 0.23-a0-139-ga22e90c45f (webtiles) character file.

21178 Kaname the Destroyer (level 12, 0/86 HPs)
             Began as a Demonspawn Wizard on Aug 31, 2018.
             Was an Initiate of Gozag.
             Succumbed to a wolf spider's poison
             ... on level 13 of the Dungeon.
             The game lasted 01:12:24 (18423 turns).

Kaname the Destroyer (Demonspawn Wizard)           Turns: 18423, Time: 01:12:24

Health: 0/86       AC:  7    Str:  9    XL:     12   Next: 51%
Magic:  1/19       EV: 10    Int: 24    God:    Gozag
Gold:   877        SH:  3    Dex: 11    Spells: 4/21 levels left

rFire    + . .     SeeInvis +   p - +2 short sword (elec)
rCold    . . .     Gourm    .   E - +0 buckler
rNeg     . . .     Faith    .   r - +1 leather armour {rF+}
rPois    +         Spirit   .   b - +1 hat
rElec    .         Reflect  .   (no cloak)
rCorr    .         Harm     +   i - +1 pair of gloves
MR       .....                  (no boots)
Stlth    ++++......             c - amulet of harm
HPRegen  0.24/turn              a - ring of see invisible
MPRegen  0.16/turn              G - ring of poison resistance

@: lethally poisoned (0 -> -20), very slightly contaminated
A: talons 2, demonic guardian 2, nightstalker 2
a: Potion Petition, Call Merchant, Bribe Branch, Renounce Religion


You were on level 13 of the Dungeon.
You worshipped Gozag.
Gozag was pleased with you.
You were not hungry.

You visited 2 branches of the dungeon, and saw 14 of its levels.

You collected 3235 gold pieces.
You spent 975 gold pieces at shops.
You paid 1383 gold pieces to Gozag.

Inventory:

Hand Weapons
 p - a +2 short sword of electrocution (weapon)
 A - a +0 blowgun
 C - a +2 halberd of venom
Missiles
 m - 295 arrows
 B - 36 poisoned needles
 L - a throwing net (quivered)
Armour
 b - a +1 hat (worn)
 i - a +1 pair of gloves (worn)
 r - a +1 leather armour of fire resistance (worn)
 E - a +0 buckler (worn)
Jewellery
 a - a ring of see invisible (left hand)
 c - an amulet of harm (around neck)
 y - an uncursed amulet of guardian spirit {unknown}
 G - a ring of poison resistance (right hand)
 I - a +5 amulet of reflection {unknown}
 M - an uncursed amulet of regeneration {unknown}
Wands
 w - a wand of polymorph (5)
 F - a wand of flame (4)
 J - a wand of enslavement (8)
Scrolls
 f - 6 scrolls of fog
 g - 4 scrolls of teleportation
 o - a scroll of immolation
 t - a scroll of enchant armour
 u - a scroll of magic mapping
 D - 3 scrolls of remove curse
Potions
 h - 2 potions of brilliance
 k - 2 potions of lignification
 n - a potion of berserk rage
 s - 2 potions of haste
 x - a potion of flight
 H - a potion of cancellation
Miscellaneous
 e - a phantom mirror
Comestibles
 d - 4 rations


   Skills:
 - Level 5.0 Fighting
 - Level 5.1 Short Blades
 - Level 1.7 Dodging
 - Level 5.0 Stealth
 - Level 5.1 Spellcasting
 - Level 12.0 Conjurations
 - Level 4.0 Hexes
   Level 1.0 Summonings
 - Level 5.1 Necromancy
 - Level 0.8 Translocations
 - Level 5.1 Ice Magic
   Level 5.4 Air Magic
 + Level 3.9 Earth Magic
 - Level 8.0 Poison Magic


You had 4 spell levels left.
You knew the following spells:

 Your Spells              Type           Power        Failure   Level  Hunger
a - Magic Dart            Conj           ####         1%          1    None
b - Blink                 Tloc           N/A          22%         2    None
d - Conjure Flame         Conj/Fire      ####....     5%          3    ##.....
e - Olgreb's Toxic Radia  Pois           #####...     8%          4    ####...
f - Borgnjor's Vile Clut  Necr/Erth      ####......   65%         5    #####..
g - Ensorcelled Hibernat  Hex/Ice        ####..       4%          2    None

Your spell library contained the following spells:

 Spells                   Type           Power        Failure   Level  Hunger
 Shock                    Conj/Air       ####         1%          1    None
 Sting                    Conj/Pois      ####         1%          1    None
 Poisonous Vapours        Pois/Air       #####.       1%          2    None
 Searing Ray              Conj           ######       1%          2    None
 Mephitic Cloud           Conj/Pois/Air  #####...     1%          3    ##.....
 Static Discharge         Conj/Air       #####...     1%          3    ##.....
 Iskenderun's Mystic Bla  Conj           ######..     1%          4    ####...
 Dazzling Spray           Conj/Hex       #####.       2%          3    ##.....
 Slow                     Hex            ####....     6%          2    None
 Fulminant Prism          Conj/Hex       #####.....   8%          4    ####...
 Swiftness                Chrm/Air       ###.....     10%         2    None
 Force Lance              Conj/Tloc      #####...     14%         4    ####...
 Call Imp                 Summ           ##......     21%         2    None
 Airstrike                Air            ####......   22%         4    ####...
 Summon Lightning Spire   Summ/Air       ###.....     47%         4    ####...
 Venom Bolt               Conj/Pois      ######....   10%         5    #####..
 Lightning Bolt           Conj/Air       #####.....   16%         5    #####..
 Silence                  Hex/Air        ####......   63%         5    #####..
 Conjure Ball Lightning   Conj/Air       #####.....   65%         6    #######
 Darkness                 Hex            ####......   99%         6    #######
 Deflect Missiles         Chrm/Air       ###.......   100%        6    #######
 Shadow Creatures         Summ           N/A          100%        6    #######
 Tornado                  Air            ####......   100%        9    #######


Dungeon Overview and Level Annotations

Branches:
Dungeon (13/15)            Temple (1/1) D:4            Lair (0/6) D:10
    Orc (0/2) D:9
 Vaults: D:13-14

Altars:
Ashenzari
Cheibriados
Dithmenos
Gozag
Kikubaaqudgha
Makhleb
Nemelex Xobeh
Sif Muna
Uskayaw
Xom
The Shining One

Shops:
D:8 (   D:10 :

Annotations:
D:10 1 runed door, P0WERM0DE's ghost, novice DDFi


Innate Abilities, Weirdness & Mutations

You have razor-sharp toenails.
A demonic guardian rushes to your aid.
You are significantly more attuned to the shadows.


Message History

The wolf spider is heavily wounded.
The wolf spider looks as sick as possible!
You feel sick. The wolf spider hits you! The wolf spider bites you!
You block the wolf spider's attack. The wolf spider bites you!
* * * LOW HITPOINT WARNING * * *
Okay, then.
Unknown command.
Your shield and leather armour prevent you from hitting the wolf spider.
You claw the wolf spider, but do no damage.
The wolf spider is severely wounded.
The wolf spider looks as sick as possible!
* * * LOW HITPOINT WARNING * * *
You feel sick. The wolf spider hits you!
* * * LOW HITPOINT WARNING * * *
The wolf spider barely misses you.
You closely miss the wolf spider.
The wolf spider is almost dead.
Your toxic aura wanes.
You die...
Your body crumbles into a pile of gold.

.≈#....................#≈..#.#.#.
.≈#.........)..........#≈..#.#.#.
.≈#..################..#≈..#.#.#.
.≈#..#..............#..#≈..#.#.#.
.≈#..#..............#..#≈..#.#.##
.≈#..#..##########..#..#≈......##
.≈#..#..#$ .....$#..#).#≈(.#.####
.≈#).#..# ......#..#..#≈).#.# #
.≈#..#..# #.@#..#..#≈..#.# #
.≈#..+..# #.s'..#.)'≈..#.####
.≈#..+..# #..'..#..'≈..#....#
.≈#..#..# #..#..#..#≈..#....#
.≈#..#.[# ....#..#..#≈.......#
.≈#..#..#$ ...$#..#..#≈.....###
.≈#..#..##########..#..#≈.....# #
.≈#..#...........)..#..#≈.....# #
.≈#..#..............#..#≈.....# #


You could see a wolf spider.

Vanquished Creatures
  Josephine (D:11)
  Erolcha (D:10)
  A hydra (D:13)
  A catoblepas (D:10)
  A centaur warrior (D:13)
  A two-headed ogre (D:12)
  2 tengu warriors (D:13)
  Urug (D:11)
  An unseen horror (D:10)
  A cyclops (D:10)
  A manticore (D:13)
  Maurice (D:11)
  A yaktaur (D:13)
  A hornet (D:13)
  2 hippogriffs
  2 shadows
  6 yaks
  A water elemental (D:13)
  A wyvern (D:13)
  A hungry ghost (D:10)
  A vampire (D:10)
  2 wraiths (D:11)
  Eustachio (D:4)
  2 basilisks
  A vampire mosquito (D:13)
  2 water moccasins
  A porcupine (D:10)
  4 ice beasts
  2 black bears
  7 orc warriors
  2 sky beasts
  A phantom (D:10)
  10 ogres
  7 centaurs
  A crocodile (D:9)
  7 big kobolds
  4 gnoll sergeants
  9 bullfrogs
  2 scorpions
  10 killer bees
  4 wights (D:9)
  3 howler monkeys
  4 electric eels
  3 jellies
  6 crimson imps
  3 centaur zombies
  3 bullfrog zombies
  9 hounds
  A quasit (D:10)
  16 orc wizards
  A gnoll shaman (D:10)
  5 orc priests
  3 bullfrog skeletons
  2 centaur skeletons
  An iguana (D:10)
  A hell rat (D:10)
  15 worker ants
  A killer bee zombie (D:6)
  A hound zombie (D:6)
  2 hound skeletons
  A worker ant zombie (D:6)
  A howler monkey zombie (D:6)
  11 adders
  28 gnolls
  A river rat (D:10)
  3 shadow imps
  2 oozes
  7 worms
  4 dart slugs
  8 leopard geckos
  64 orcs
  6 giant cockroaches
  8 hobgoblins
  20 jackals
  3 quokkas
  2 ball pythons
  9 bats
  3 frilled lizards
  2 goblins
  19 kobolds
  A leopard gecko skeleton (D:3)
  2 leopard gecko zombies
  8 rats
401 creatures vanquished.

Vanquished Creatures (collateral kills)
  A two-headed ogre (D:12)
  3 death yaks (D:10)
  A cyclops (D:11)
  A tengu conjurer (D:13)
  A troll (D:13)
  A hippogriff (D:7)
  2 wraiths (D:11)
  2 yaks
  An orc warrior (D:12)
  2 sky beasts
  2 ogres
  A centaur (D:5)
  A bullfrog (D:6)
  2 killer bees (D:10)
  A worker ant (D:7)
  2 adders
  2 kobolds (D:11)
26 creatures vanquished.

Vanquished Creatures (others)
  16 fulminant prisms
16 creatures vanquished.

Grand Total: 443 creatures vanquished

Notes
Turn   | Place    | Note
-------+----------+-------------------------------------------
     0 | D:1      | Kaname the Demonspawn Wizard began the quest for the Orb.
     0 | D:1      | Reached XP level 1. HP: 13/13 MP: 4/4
   169 | D:1      | Reached skill level 2 in Conjurations
   205 | D:1      | Gained mutation: You have sharp toenails. [demonic
                  | ancestry]
   205 | D:1      | Reached XP level 2. HP: 7/19 MP: 0/6
   719 | D:1      | Reached skill level 3 in Conjurations
   755 | D:1      | Gained mutation: You are slightly more attuned to the
                  | shadows. [demonic ancestry]
   755 | D:1      | Reached XP level 3. HP: 16/24 MP: 1/7
   759 | D:1      | Learned a level 2 spell: Blink
   763 | D:1      | Learned a level 3 spell: Mephitic Cloud
  1442 | D:2      | Gained mutation: A weak demonic guardian rushes to your
                  | aid. [demonic ancestry]
  1442 | D:2      | Reached XP level 4. HP: 27/30 MP: 2/8
  1519 | D:2      | Reached skill level 4 in Conjurations
  1524 | D:2      | Learned a level 3 spell: Conjure Flame
  1993 | D:2      | Found a shadowy altar of Dithmenos.
  2379 | D:3      | Reached skill level 5 in Conjurations
  2379 | D:3      | Reached XP level 5. HP: 13/35 MP: 0/9
  3521 | D:4      | Reached skill level 6 in Conjurations
  3550 | D:4      | Reached XP level 6. HP: 32/41 MP: 5/10
  3914 | D:4      | Found a staircase to the Ecumenical Temple.
  3922 | Temple   | Entered the Ecumenical Temple
  3946 | Temple   | Became a worshipper of Gozag Ym Sagoz the Greedy
  3991 | D:4      | Found a sparkling altar of Nemelex Xobeh.
  4028 | D:4      | Noticed Eustachio
  4065 | D:4      | Killed Eustachio
  4065 | D:4      | Reached skill level 7 in Conjurations
  4065 | D:4      | Reached XP level 7. HP: 44/46 MP: 8/11
  4351 | D:4      | Reached skill level 8 in Conjurations
  4618 | D:5      | Entered Level 5 of the Dungeon
  4875 | D:5      | Reached skill level 5 in Spellcasting
  5153 | D:5      | Reached skill level 1 in Fighting
  5153 | D:5      | Gained mutation: You are significantly more attuned to the
                  | shadows. [demonic ancestry]
  5153 | D:5      | Reached XP level 8. HP: 54/54 MP: 10/15
  5726 | D:5      | Reached skill level 5 in Fighting
  5811 | D:6      | Found a shimmering altar of Xom.
  6262 | D:6      | Reached skill level 9 in Conjurations
  6349 | D:6      | Reached XP level 9. HP: 51/68 MP: 16/16
  6947 | D:6      | Reached skill level 10 in Conjurations
  7059 | D:6      | Reached skill level 1 in Short Blades
  7519 | D:7      | Found a transporter.
  8036 | D:7      | Found a transporter.
  8083 | D:7      | Reached skill level 5 in Short Blades
  8557 | D:7      | Found a burning altar of Makhleb.
  8557 | D:7      | Found an ancient bone altar of Kikubaaqudgha.
  8788 | D:8      | Found a shattered altar of Ashenzari.
  9416 | D:9      | Reached skill level 5 in Stealth
  9435 | D:9      | Reached XP level 10. HP: 74/74 MP: 6/17
  9724 | D:9      | Reached skill level 11 in Conjurations
 10574 | D:9      | Found a staircase to the Orcish Mines.
 10943 | D:9      | Reached skill level 12 in Conjurations
 10968 | D:10     | Entered Level 10 of the Dungeon
 11003 | D:10     | Reached skill level 1 in Air Magic
 11055 | D:10     | Noticed a catoblepas
 11654 | D:10     | Noticed Erolcha
 11663 | D:10     | Killed Erolcha
 11708 | D:10     | Learned a level 4 spell: Olgreb's Toxic Radiance
 11874 | D:10     | Noticed an unseen horror
 11894 | D:10     | Killed an unseen horror
 11894 | D:10     | Reached skill level 5 in Air Magic
 11894 | D:10     | Gained mutation: A demonic guardian rushes to your aid.
                  | [demonic ancestry]
 11894 | D:10     | Reached XP level 11. HP: 33/79 MP: 0/18
 12030 | D:10     | Reached skill level 1 in Poison Magic
 12163 | D:10     | Identified a scroll of acquirement
 12173 | D:10     | Learned a level 4 spell: Fulminant Prism
 12374 | D:10     | Noticed a death yak
 12376 | D:10     | Noticed a death yak
 12388 | D:10     | Noticed a death yak
 12406 | D:10     | Killed a death yak
 12496 | D:10     | Killed a catoblepas
 12645 | D:10     | Killed a death yak
 12648 | D:10     | Killed a death yak
 12667 | D:10     | Reached skill level 5 in Poison Magic
 12710 | D:10     | Found a staircase to the Lair.
 12995 | D:10     | Got a silken robe
 13036 | D:10     | Identified the +2 robe of the Centipede {rN+} (You took it
                  | off a vampire on level 10 of the Dungeon)
 13162 | D:10     | Found a runed door.
 13162 | D:10     | Noticed P0WERM0DE's ghost (novice DDFi)
 13164 | D:10     | Noticed an ettin
 13687 | D:11     | Noticed Urug
 13714 | D:11     | Noticed Josephine
 13728 | D:11     | Killed Josephine
 13748 | D:11     | Killed Urug
 13773 | D:11     | Reached skill level 1 in Hexes
 14062 | D:10     | Bought a book of Dreams for 975 gold pieces
 14066 | D:10     | Learned a level 2 spell: Ensorcelled Hibernation
 14073 | D:10     | Learned a level 5 spell: Borgnjor's Vile Clutch
 14194 | D:11     | Noticed Maurice
 14206 | D:11     | Killed Maurice
 14239 | D:11     | You fall through a shaft!
 14348 | D:12     | Reached skill level 1 in Ice Magic
 14713 | D:12     | Noticed a two-headed ogre
 14722 | D:12     | Killed a two-headed ogre
 15211 | D:12     | HP: 3/79 [ogre/giant club (6)]
 15501 | D:12     | Noticed a two-headed ogre
 15515 | D:12     | Killed a two-headed ogre
 15515 | D:12     | Gained mutation: You have razor-sharp toenails. [demonic
                  | ancestry]
 15515 | D:12     | Reached XP level 12. HP: 82/86 MP: 12/19
 15950 | D:13     | Noticed a tengu warrior
 15966 | D:13     | Killed a tengu warrior
 15972 | D:13     | HP: 4/86 [battlesphere[a tengu warrior] (2)]
 16350 | D:13     | Reached skill level 5 in Ice Magic
 16429 | D:13     | Reached skill level 1 in Necromancy
 16467 | D:13     | Noticed a four-headed hydra
 16478 | D:13     | Killed a four-headed hydra
 17183 | D:13     | Reached skill level 5 in Necromancy
 17414 | D:13     | Noticed a centaur warrior
 17421 | D:13     | Killed a centaur warrior
 17421 | D:13     | Reached skill level 1 in Earth Magic
 18345 | D:13     | Noticed a tengu warrior
 18353 | D:13     | Killed a tengu warrior
 18422 | D:13     | HP: 1/86 [wolf spider (15)]
 18423 | D:13     | Succumbed to a wolf spider's poison

Vault maps used:
D:1:      scummos_arrival_forest
D:2:      grunt_dithmenos_smoke
D:3:      first_ration, kennysheep_minor_cross, grunt_ministairs_12
D:4:      nemelex_xobeh_ov_fountains_minmay, temple_fountains,
          kennysheep_generic_room_7, uniq_eustachio
D:6:      basic_altar, serial_undead, serial_undead_e, serial_undead_f,
          serial_undead_f, serial_undead_c
D:7:      gammafunk_steamed_eel, gammafunk_temple_overflow_elements,
          minmay_misc_feat_cross
D:8:      evilmike_ruin_ashenzari
D:9:      kennysheep_orc_monster_closet_entryway
D:10:     dpeg_lair_monsters, ebering_ghost_inner_flame, uniq_erolcha
D:11:     uniq_josephine, uniq_urug, uniq_maurice
D:13:     lemuel_traditional_vault
Temple:   bh_familiar_temple

Skill      XL: |  1  2  3  4  5  6  7  8  9 10 11 12 |
---------------+-------------------------------------+-----
Conjurations   | 2 3 5 6 7 8 9 10 12 | 12.0
Spellcasting   | 5 |  5.1
Fighting       | 1 5 |  5.0
Short Blades   | 5 |  5.1
Stealth        | 5 |  5.0
Air Magic      | 5 |  5.4
Poison Magic   | 8 |  8.0
Hexes          | 4 |  4.0
Ice Magic      | 3 5 |  5.1
Necromancy     | 5 |  5.1
Earth Magic    | 3 |  3.9
Dodging        | |  1.7
Summonings     | |  1.0
Translocations | |  0.8

Action                   |  1- 3 |  4- 6 |  7- 9 | 10-12 || total
-------------------------+-------+-------+-------+-------++-------
Melee: Club              |    22 |       |       |       ||    22
       Unarmed           |    12 |       |       |       ||    12
       Dagger            |    63 |    36 |       |       ||    99
       Kick              |     8 |    12 |    42 |    81 ||   143
       Short sword       |       |    36 |   248 |   493 ||   777
 Cast: Magic Dart        |    79 |   120 |   211 |   166 ||   576
       Mephitic Cloud    |       |     3 |    10 |    30 ||    43
       Conjure Flame     |       |     1 |     1 |     6 ||     8
       Blink             |       |       |       |    12 ||    12
       Fulminant Prism   |       |       |       |    16 ||    16
       Ensorcelled Hiber |       |       |       |     9 ||     9
       Olgreb's Toxic Ra |       |       |       |    24 ||    24
Invok: Call Merchant     |       |       |     1 |     1 ||     2
Evoke: Wand              |       |       |       |    39 ||    39
  Use: Scroll            |     1 |     4 |     3 |    20 ||    28
       Potion            |       |       |       |     9 ||     9
 Stab: Sleeping          |     2 |     7 |    15 |    17 ||    41
       Confused          |       |     1 |     1 |    14 ||    16
       Distracted        |       |     1 |       |     4 ||     5
  Eat: Chunk             |     2 |     8 |       |       ||    10
       Ration            |       |       |     5 |    11 ||    16
Armor: Robe              |    29 |    21 |       |       ||    50
       Leather armour    |       |       |    71 |   113 ||   184
Dodge: Dodged            |    93 |    41 |   143 |   259 ||   536
Block: Buckler           |       |       |       |     3 ||     3

Table legend:
 A = Non-vault XP
 B = Vault XP
 C = Vault XP percentage of total XP
 D = Non-vault monster count
 E = Vault monster count
 F = Vault count percentage of total count
                 A         B        C        D         E       F
            +---------+---------+-------+---------+---------+-------
      Total |   19422 |   10833 |  35.8 |     362 |      65 |  15.2
            +---------+---------+-------+---------+---------+-------
        D:1 |      63 |       0 |   0.0 |      32 |       0 |   0.0
        D:2 |      77 |       0 |   0.0 |      15 |       0 |   0.0
        D:3 |     139 |      14 |   9.2 |      25 |       2 |   7.4
        D:4 |     494 |     215 |  30.3 |      27 |       2 |   6.9
        D:5 |    1085 |       0 |   0.0 |      27 |       0 |   0.0
        D:6 |    1088 |     196 |  15.3 |      39 |       8 |  17.0
        D:7 |    1302 |     106 |   7.5 |      32 |       2 |   5.9
        D:8 |     494 |       0 |   0.0 |      10 |       0 |   0.0
        D:9 |    1968 |    1191 |  37.7 |      27 |      19 |  41.3
       D:10 |    4337 |    2808 |  39.3 |      59 |      12 |  16.9
       D:11 |    1293 |    2541 |  66.3 |      18 |       7 |  28.0
       D:12 |    3118 |       0 |   0.0 |      30 |       0 |   0.0
       D:13 |    3964 |    3762 |  48.7 |      21 |      13 |  38.2
            +---------+---------+-------+---------+---------+-------
